 Dungeon Crawl Stone Soup version 0.31-a0-986-g5e6e4ef867 (webtiles) character file.

Game seed: 4868029565091428824

289 pokeman the Magician (level 6, -2/34 HPs)
             Began as a Deep Elf Hedge Wizard on Nov 19, 2023.
             Slain by an ice beast (14 damage)
             ... on level 4 of the Dungeon.
             The game lasted 00:07:01 (5005 turns).

pokeman the Magician (Deep Elf Hedge Wizard)        Turns: 5005, Time: 00:07:01

Health: -2/34      AC:  7    Str:  7    XL:     6   Next: 9%
Magic:  12/17      EV: 13    Int: 21    God:
Gold:   78         SH:  0    Dex: 14    Spells: 10/18 levels left

rFire   . . .        r - +1 mace (heavy)
rCold   . . .        (no shield)
rNeg    . . .        b - +0 robe
rPois   .            x - +2 helmet {SInv}
rElec   .            (no cloak)
rCorr   .            h - +1 pair of gloves
SInv    +            (no boots)
Will    .....        (no amulet)
Stlth   ++           a - ring of flight
HPRegen 0.25/turn    (no ring)
MPRegen 0.15/turn

%: no passive effects
@: flying
A: no striking features
a: no special abilities


You were on level 4 of the Dungeon.
You visited 1 branch of the dungeon, and saw 4 of its levels.

You collected 310 gold pieces.
You spent 232 gold pieces at shops.

Inventory:

Hand Weapons
 r - a +1 heavy mace (weapon)
Missiles
 m - 5 curare-tipped darts
Armour
 b - a +0 robe (worn)
 h - a +1 pair of gloves (worn)
 v - a +0 buckler
 x - a +2 helmet of see invisible (worn)
Jewellery
 a - a ring of flight (left hand)
Scrolls
 f - a scroll of teleportation {unknown}
 j - a scroll of revelation {unknown}
 p - a scroll of immolation {unknown}
 q - a scroll of enchant weapon {unknown}
 t - 2 scrolls of blinking {unknown}
 u - a scroll of noise {unknown}
 y - a scroll of fear {unknown}
Potions
 c - a potion of berserk rage {unknown}
 d - 4 potions of magic
 e - a potion of curing {unknown}
 g - a potion of invisibility {unknown}
 i - a potion of resistance {unknown}
 k - 2 potions of haste {unknown}
 l - a potion of lignification {unknown}
 n - a potion of degeneration {unknown}
 o - a potion of enlightenment {unknown}
 s - a potion of experience {unknown}
 w - a potion of attraction {unknown}


   Skills:
 - Level 1.0 Fighting
 - Level 1.0 Armour
 - Level 3.2 Dodging
 - Level 3.0 Stealth
 - Level 1.0 Shields
 * Level 6.6 Spellcasting
 + Level 3.1 Conjurations
 - Level 1.1 Summonings
 - Level 1.1 Translocations
 + Level 0.7 Air Magic
 + Level 0.8 Poison Magic


You had 10 spell levels left.
You knew the following spells:

 Your Spells              Type           Power      Damage    Failure   Level
a - Magic Dart            Conj           80%        1d7       2%          1
b - Mephitic Cloud        Conj/Pois/Air  13%        N/A       14%         3
c - Call Imp              Summ           22%        N/A       9%          2
d - Blink                 Tloc           22%        N/A       9%          2

Your spell library contained the following spells:

 Spells                   Type           Power      Damage    Failure   Level
 Slow                     Hex            28%        N/A       9%          1
 Cigotuvi's Dreadful Rot  Necr/Pois/Air  18%        N/A       11%         2


Dungeon Overview and Level Annotations

Branches:
Dungeon (4/15)
 Temple: D:4-7

Altars:
Trog
Wu Jian
Yredelemnul

Shops:
D:1 [

Annotations:
D:3 3 runed translucent doors, grandjackal's ghost, amateur DsGl


Message History

Aim: an ice beast (moderately wounded, 100% to hit)
The magic dart hits the ice beast.
The ice beast is heavily wounded.
Casting: Magic Dart (safe; 2% risk of failure)
Confirm with . or Enter, or press ? or * to list all spells.
A tiny devil pulls itself out of the air.
You hit the ice beast.
The ice beast is heavily wounded.
The ice beast hits you but does no damage.
Your cerulean imp misses the ice beast.
The ice beast hits you but does no damage.
Your cerulean imp barely misses the ice beast.
You closely miss the ice beast.
The ice beast is heavily wounded.
The ice beast closely misses you.
Your cerulean imp hits the ice beast but does no damage.
The ice beast hits you but does no damage.
Your cerulean imp hits the ice beast but does no damage.
You hit the ice beast.
The ice beast is severely wounded.
The ice beast hits you. The ice beast freezes you!
Your cerulean imp hits the ice beast from afar with a -3 spear.
The ice beast hits you but does no damage.
Your cerulean imp closely misses the ice beast.
You hit the ice beast but do no damage.
The ice beast is severely wounded.
The ice beast hits you. The ice beast freezes you.
Your cerulean imp barely misses the ice beast.
The ice beast barely misses you.
Your cerulean imp hits the ice beast but does no damage.
You barely miss the ice beast.
The ice beast is severely wounded.
The ice beast hits you but does no damage.
Your cerulean imp hits the ice beast but does no damage.
The ice beast hits you but does no damage.
Your cerulean imp barely misses the ice beast.
You barely miss the ice beast.
The ice beast is severely wounded.
The ice beast hits you. The ice beast freezes you!
You die...

##.### ### #.#
#### .. # .## .
..##...#......#
..............#
#..............#
# ##...
#..........# ###
##.Y#
#........... ..#
#5@#
#........... ..#
#..#
##..........#
..# ####
#......<..>.#
###
...........##
##.......Y5##
##.........#
##.........
#..###..### #.#
#..#


You could see an ice beast (ally target) and a friendly cerulean imp (summoned).

Vanquished Creatures
  An ogre (D:4)
  A jelly (D:4)
  An iguana (D:4)
  4 gnolls
  3 adders
  An adder zombie (D:3)
  2 worms
  4 dart slugs
  An orc (D:3)
  5 endoplasms
  A giant cockroach (D:4)
  8 goblins
  7 hobgoblins
  4 kobolds
  A quokka (D:3)
  6 ball pythons
  5 bats
  2 frilled lizards (D:3)
  A giant cockroach zombie (D:3)
  6 rats
64 creatures vanquished.

Vanquished Creatures (collateral kills)
  A gnoll (D:2)
1 creature vanquished.

Grand Total: 65 creatures vanquished

Notes
Turn   | Place    | Note
-------+----------+-------------------------------------------
     0 | D:1      | pokeman the Deep Elf Hedge Wizard began the quest for the
                  | Orb.
     0 | D:1      | Reached XP level 1. HP: 10/10 MP: 7/7
   144 | D:1      | Reached XP level 2. HP: 15/15 MP: 1/9
   913 | D:1      | Found a faded altar of an unknown god.
  1138 | D:1      | Found Nyus's Antique Armour Shoppe.
  1212 | D:1      | Reached skill level 5 in Spellcasting
  1403 | D:2      | Reached XP level 3. HP: 14/20 MP: 3/11
  1413 | D:2      | Learned a level 3 spell: Mephitic Cloud
  1416 | D:2      | Learned a level 2 spell: Call Imp
  1419 | D:2      | Learned a level 2 spell: Blink
  1796 | D:2      | Reached skill level 1 in Armour
  1962 | D:2      | Reached skill level 1 in Fighting
  2022 | D:2      | Reached XP level 4. HP: 17/25 MP: 0/13
  2577 | D:2      | Found a bloodstained altar of Trog.
  2661 | D:3      | Found Dunlay's Jewellery Shoppe.
  2947 | D:3      | Found a runed translucent gate.
  2947 | D:3      | Found a runed translucent gate.
  2947 | D:3      | Found a runed translucent gate.
  2947 | D:3      | Noticed grandjackal's ghost (amateur DsGl)
  2950 | D:3      | Found a basalt altar of Yredelemnul.
  3236 | D:3      | Found an ornate altar of the Wu Jian Council.
  3766 | D:1      | Bought a runed helmet for 232 gold pieces
  4206 | D:4      | Noticed an ogre
  4216 | D:4      | Killed an ogre
  4217 | D:4      | Reached skill level 6 in Spellcasting
  4217 | D:4      | Reached XP level 5. HP: 29/29 MP: 2/15
  4840 | D:4      | Reached skill level 1 in Shields
  4842 | D:4      | Reached XP level 6. HP: 25/34 MP: 6/17
  4959 | D:4      | Noticed an ice beast
  5005 | D:4      | Slain by an ice beast

Illustrated notes

Levels and vault maps discovered:
D:1:      tarquinn_simple_flora_water_b, layout_loops_corners,
          hellmonk_ecumenical_altar_pennies_from_heaven, serial_shops, shop
D:2:      layout_loops_corners, basic_altar, minmay_tetromino_t4
D:3:      layout_rooms, nicolae_yredelemnul_ghost_church,
          nzn_wu_jian_council_hall, serial_corexii_hall, corexii_hall_statues_x,
          chequers_hall_statues_y, corexii_hall_statues_t,
          corexii_hall_statues_u, serial_shops, shop_coins,
          chequers_serial_rivers_small_3, dk_noncrumbling_3, grunt_decor_cap,
          moated_statue, chequers_decorated_corner, kennysheep_generic_room_11
D:4:      layout_layer_cave, ebering_ghost_gozag

Skill      XL: |  1  2  3  4  5 |
---------------+----------------+-----
Spellcasting   | 5 6 |  6.6
Armour         | 1 |  1.0
Fighting       | 1 |  1.0
Conjurations   | 2 3 |  3.1
Stealth        | 3 |  3.0
Dodging        | 3 |  3.2
Shields        | 1 |  1.0
Summonings     | |  1.1
Translocations | |  1.1
Air Magic      | |  0.7
Poison Magic   | |  0.8

Action                     |  1- 3 |  4- 6 || total
---------------------------+-------+-------++-------
  Melee: Dagger            |    17 |       ||    17
         Mace              |       |    23 ||    23
   Cast: Magic Dart        |    79 |    88 ||   167
         Mephitic Cloud    |     5 |     4 ||     9
         Call Imp          |     3 |     3 ||     6
         Blink             |       |     1 ||     1
   Stab: Confused          |       |     2 ||     2
         Sleeping          |       |     1 ||     1
 Armour: Robe              |    14 |    23 ||    37
  Dodge: Dodged            |    25 |    15 ||    40

Table legend: (Time is in decaauts)
 A = Elapsed time spent in this place.
 B = Non-inter-level travel time spent in this place.
 C = Inter-level travel time spent in this place.
 D = Time resting spent in this place.
 E = Time spent auto-exploring this place.
 F = Levels seen in this place.
 G = Mean time per level.
                   A        B        C        D        E       F      G
               +--------+--------+--------+--------+--------+-----+--------+
         Total |   5031 |   4795 |    236 |      0 |   4227 |   4 | 1257.8 |
       Dungeon |   5031 |   4795 |    236 |      0 |   4227 |   4 | 1257.8 |
               +--------+--------+--------+--------+--------+-----+--------+

Top non-repeatable levels by time:
     D:1: 1469 daAuts
     D:2: 1327 daAuts
     D:3: 1177 daAuts
     D:4: 1056 daAuts
